 Dungeon Crawl Stone Soup version 0.22-b1-21-g5cfc168 (webtiles) character file.

326 tyranidshit the Skirmisher (level 6, -2/52 HPs)
             Began as a Demonspawn Abyssal Knight on Aug 3, 2018.
             Was a Believer of Lugonu.
             Slain by a worker ant (6 damage)
             ... on level 4 of the Dungeon.
             The game lasted 00:06:28 (2737 turns).

tyranidshit the Skirmisher (DsAK)                   Turns: 2737, Time: 00:06:29

Health: -2/52      AC: 12    Str: 15    XL:     6   Next: 24%
Magic:  7/7        EV:  9    Int: 13    God:    Lugonu [**....]
Gold:   155        SH:  0    Dex: 15    Spells: 5/5 levels left

rFire    . . .     SeeInvis .   a - +1 hand axe
rCold    . . .     Gourm    .   (no shield)
rNeg     . . .     Faith    .   d - +0 scale mail
rPois    .         Spirit   .   k - +2 hat
rElec    .         Reflect  .   p - +0 cloak
rCorr    .         Harm     .   (no gloves)
MR       .....                  (no boots)
Stlth    +.........             (no amulet)
HPRegen  0.17/turn              i - ring of wizardry
MPRegen  0.10/turn              m - +3 ring of dexterity

@: no status effects
A: yellow scales 1, nightstalker 1, powered by death 1
a: Depart the Abyss, Bend Space, Renounce Religion


You were on level 4 of the Dungeon.
You worshipped Lugonu.
Lugonu was pleased with you.
You were not hungry.

You visited 1 branch of the dungeon, and saw 4 of its levels.
You visited the Abyss 1 time.

You collected 155 gold pieces.

Inventory:

Hand Weapons
 a - a +1 hand axe (weapon)
 j - a +2 dagger of electrocution
Armour
 b - a +0 leather armour
 d - a +0 scale mail (worn)
 k - a +2 hat (worn)
 p - a +0 cloak (worn)
Jewellery
 i - a ring of wizardry (left hand)
 m - a +3 ring of dexterity (right hand)
Scrolls
 f - 6 scrolls of identify
 n - 2 scrolls of magic mapping
Potions
 e - a potion of cancellation
 g - a potion of agility
Comestibles
 c - 6 rations


   Skills:
 - Level 6.2 Fighting
 - Level 1.7 Axes
 + Level 3.5 Armour
 - Level 0.8 Dodging
 - Level 2.4 Invocations


You had 5 spell levels left.
You didn't know any spells.
Your spell library contained the following spells:

 Spells                   Type           Power        Failure   Level  Hunger
 Spider Form              Tmut/Pois      #.........   77%         3    ####...
 Blade Hands              Tmut           #.........   100%        5    ######.
 Ice Form                 Ice/Tmut       #.......     98%         4    #####..
 Sticks to Snakes         Tmut           #.......     52%         2    ###....
 Beastly Appendage        Tmut           #.....       41%         1    ##.....


Dungeon Overview and Level Annotations

Branches:
Dungeon (4/15)
 Temple: D:4-7

Altars:
Ashenzari
Cheibriados
Elyvilon
Kikubaaqudgha
Trog
Zin

Annotations:
D:3 , 1 runed door, goulibeur's ghost, amateur DsAK


Innate Abilities, Weirdness & Mutations

You are partially covered in yellow scales. (AC +2)
You are slightly more attuned to the shadows.
You regenerate a little health from kills.


Message History

The leopard gecko moves out of view.
A worker ant comes into view.
You feel sick.
The worker ant twitches its antennae in your direction.
A worker ant is nearby!
You feel sick.
You feel sick.
You feel sick.
You feel sick.
You see here a scorpion corpse.
You feel sick.
The worker ant bites you but does no damage.
You hit the worker ant but do no damage.
You feel sick.
You are no longer poisoned.
The worker ant bites you but does no damage.
You hit the worker ant.
The worker ant is moderately wounded.
The worker ant bites you.
You die...

# #.# #..#.####
#...†...# ##.#.##.#
#....#..# #.#..#.##
......#.#
#####>#.#############
###........@a...#
#############.#
####†# ## #....# ...
#.#### .... #...#
..a..####a#
......a.#.#
..#####.#.#


You could see a worker ant.

Vanquished Creatures
  A scorpion (D:4)
  A quasit (D:3)
  A bullfrog skeleton (D:4)
  A hound (D:4)
  An orc wizard (D:4)
  A worker ant (D:4)
  5 adders
  A worm (D:2)
  3 dart slugs
  A leopard gecko (D:1)
  5 orcs
  4 bats
  3 bat zombies (D:2)
  7 giant cockroaches
  8 goblins
  4 hobgoblins
  4 jackals
  A quokka (D:4)
  2 ball pythons
  3 frilled lizards (D:2)
  9 kobolds
  9 rats
  A rat zombie (D:2)
76 creatures vanquished.

Notes
Turn   | Place    | Note
-------+----------+-------------------------------------------
     0 | Abyss:1  | tyranidshit the Demonspawn Abyssal Knight began the quest for the Orb.
     0 | Abyss:1  | Reached XP level 1. HP: 18/18 MP: 2/2
    36 | Abyss:1  | Found a hazy altar of Hepliaklqana.
    57 | Abyss:1  | Noticed a ynoxinul
    63 | D:1      | Escaped the Abyss
   272 | D:1      | Gained mutation: You regenerate a little health from kills. [demonic ancestry]
   272 | D:1      | Reached XP level 2. HP: 23/24 MP: 3/3
   293 | D:1      | Reached * piety under Lugonu
   430 | D:1      | Reached skill level 4 in Fighting
   861 | D:2      | Reached XP level 3. HP: 12/30 MP: 4/4
   974 | D:2      | Found a snail-covered altar of Cheibriados.
  1226 | D:2      | Found a shattered altar of Ashenzari.
  1350 | D:2      | Reached ** piety under Lugonu
  1352 | D:2      | Gained mutation: You are slightly more attuned to the shadows. [demonic ancestry]
  1352 | D:2      | Reached XP level 4. HP: 38/38 MP: 5/5
  1357 | D:2      | Found an ancient bone altar of Kikubaaqudgha.
  1440 | D:2      | Reached skill level 5 in Fighting
  1628 | D:3      | Found a transporter.
  1632 | D:3      | Found a transporter.
  1635 | D:3      | Noticed goulibeur's ghost (amateur DsAK)
  2016 | D:3      | Found a runed door.
  2023 | D:3      | Found a glowing silver altar of Zin.
  2023 | D:3      | Noticed an angel
  2100 | D:3      | Found a faded altar of an unknown god.
  2473 | D:4      | Found a white marble altar of Elyvilon.
  2474 | D:4      | Found a bloodstained altar of Trog.
  2494 | D:4      | Gained mutation: You are partially covered in yellow scales. (AC +2) [demonic ancestry]
  2494 | D:4      | Reached XP level 5. HP: 15/46 MP: 6/6
  2504 | D:4      | Reached skill level 6 in Fighting
  2667 | D:4      | Reached XP level 6. HP: 51/52 MP: 7/7
  2737 | D:4      | Slain by a worker ant

Skill      XL: |  1  2  3  4  5 |
---------------+----------------+-----
Fighting       | 4 5 6 |  6.2
Armour         | 3 |  3.5
Axes           | |  1.7
Dodging        | |  0.8
Invocations    | |  2.4

Action                   |  1- 3 |  4- 6 || total
-------------------------+-------+-------++-------
Melee: Hand axe          |    77 |    91 ||   168
       Dagger            |    59 |    41 ||   100
Invok: Depart the Abyss  |     1 |       ||     1
  Use: Potion            |     4 |     5 ||     9
       Scroll            |     4 |     1 ||     5
  Eat: Ration            |     1 |     1 ||     2
       Chunk             |       |     1 ||     1
Armor: Leather armour    |    12 |       ||    12
       Scale mail        |    40 |   139 ||   179
Dodge: Dodged            |    74 |   117 ||   191
